IL
NASHVILLE SOUNDS @ DURHAM BULLS
05/12/2044
 
TOP OF THE 1ST
Nashville Sounds batting - Pitching for Durham Bulls : RHP Carlos Palacios
Pitching: RHP Carlos Palacios
Batting: RHB Jerry Escamilla 0-0: Ball
1-0: Fly out, F5 (Popup, 25F, EV 81.3 MPH)
Batting: LHB Zachary DeLuca 0-0: Swinging Strike
0-1: SINGLE (Line Drive, 78M, EV 108.8 MPH)
Batting: RHB Chris Stillions 0-0: Called Strike
0-1: Ball
1-1: Ball
2-1: Called Strike
Zachary DeLuca steals 2nd, throwing error, E2
Zachary DeLuca to third
2-2: Strikes out swinging
Batting: RHB Adam McGurn 0-0: Ball
1-0: Swinging Strike
1-1: Called Strike
1-2: Ground out 6-3 (Groundball, 6, EV 90.6 MPH)
Top of the 1st over - 0 runs, 1 hit, 1 error, 1 left on base; Nashville 0 - Durham 0
BOTTOM OF THE 1ST
Durham Bulls batting - Pitching for Nashville Sounds : RHP Steve Friesner
Pitching: RHP Steve Friesner
Batting: LHB Angel Ruvalcaba 0-0: SINGLE (Line Drive, 4M, EV 103.8 MPH)
Batting: LHB Robin More 0-0: Ball
1-0: 2-RUN HOME RUN (Line Drive, 89XD, EV 107.5 MPH), Distance : 410 ft
Batting: RHB Eugênio Asceno 0-0: Ball
1-0: Ground out U3 (Groundball, 34, EV 82.5 MPH)
Batting: RHB Danny Diaz 0-0: Ball
1-0: Fly out, F7 (Flyball, 7D, EV 97.5 MPH)
Batting: SHB Ben Pierce 0-0: Called Strike
0-1: Called Strike
0-2: SINGLE (Groundball, 4D, EV 98.8 MPH)
Batting: LHB Brian Hollinger 0-0: Ball
1-0: Ball
2-0: Called Strike
2-1: Ball
3-1: Swinging Strike
3-2: Foul Ball, location: 2F
3-2: Base on Balls
Ben Pierce to second
Pitching: LHP Gregg Meyers
Batting: RHB Kevin Kush 0-0: Foul Ball, location: 2F
0-1: Called Strike
0-2: Foul Ball, location: 2F
0-2: Strikes out looking
Bottom of the 1st over - 2 runs, 3 hits, 0 errors, 2 left on base; Nashville 0 - Durham 2
TOP OF THE 2ND
Nashville Sounds batting - Pitching for Durham Bulls : RHP Carlos Palacios
Batting: RHB Dusty Thompson 0-0: Called Strike
0-1: Ball
1-1: Swinging Strike
1-2: Ground out 5-3 (Groundball, 56, EV 78.8 MPH)
Batting: LHB Angel Sanchez 0-0: Ball
1-0: Ground out 4-3 (Groundball, 4M, EV 101.9 MPH)
Batting: RHB Trevor Conklin 0-0: Ball
1-0: Reached on error, E4 (Groundball, 4S, EV 80.6 MPH)
Batting: RHB Hyeong-uk Lyang 0-0: Foul Ball, location: 2F
0-1: Ball
1-1: Ball
2-1: Ball
3-1: Base on Balls
Batting: SHB Josh Thorpe 0-0: Swinging Strike
0-1: Ball
1-1: Foul Ball, location: 2F
1-2: Ball
2-2: Ball
3-2: Base on Balls
Trevor Conklin to third
Hyeong-uk Lyang to second
Batting: RHB Jerry Escamilla 0-0: Foul Ball, location: 2F
0-1: Foul Ball, location: 2F
0-2: Fly out, F8 (Flyball, 89D, EV 82.5 MPH)
Top of the 2nd over - 0 runs, 0 hits, 1 error, 3 left on base; Nashville 0 - Durham 2
BOTTOM OF THE 2ND
Durham Bulls batting - Pitching for Nashville Sounds : LHP Gregg Meyers
Batting: LHB Danny Hull 0-0: Called Strike
0-1: Bunt missed!
0-2: Foul Ball, location: 2F
0-2: Fly out, F9 (Flyball, 9, EV 91.9 MPH)
Batting: RHB Jose Herrera 0-0: Swinging Strike
0-1: Ground out 6-3 (Groundball, 6, EV 89.4 MPH)
Batting: LHB Angel Ruvalcaba 0-0: Ground out 6-3 (Groundball, 6, EV 84.4 MPH)
Bottom of the 2nd over - 0 runs, 0 hits, 0 errors, 0 left on base; Nashville 0 - Durham 2
TOP OF THE 3RD
Nashville Sounds batting - Pitching for Durham Bulls : RHP Carlos Palacios
Batting: LHB Zachary DeLuca 0-0: Swinging Strike
0-1: Foul Ball, location: 2F
0-2: Ball
1-2: Ball
2-2: SINGLE (Flyball, 78S, EV 89.4 MPH)
Batting: RHB Chris Stillions 0-0: Swinging Strike
0-1: Swinging Strike
0-2: Foul Ball, location: 2F
0-2: Ball
1-2: Strikes out looking
Batting: RHB Adam McGurn 0-0: Swinging Strike
0-1: Called Strike
0-2: Ball
1-2: Fly out, F9 (Flyball, 89D, EV 81.3 MPH)
Batting: RHB Dusty Thompson 0-0: Ball
Zachary DeLuca is caught stealing 2nd base 2-4
Top of the 3rd over - 0 runs, 1 hit, 0 errors, 0 left on base; Nashville 0 - Durham 2
BOTTOM OF THE 3RD
Durham Bulls batting - Pitching for Nashville Sounds : LHP Gregg Meyers
Batting: LHB Robin More 0-0: Called Strike
0-1: Fly out, F8 (Flyball, 8LD, EV 100.6 MPH)
Batting: RHB Eugênio Asceno 0-0: Ball
1-0: Ball
2-0: Ground out 6-3 (Groundball, 6, EV 103.8 MPH)
Batting: RHB Danny Diaz 0-0: Ball
1-0: Ground out 4-3 (Groundball, 4M, EV 82.5 MPH)
Bottom of the 3rd over - 0 runs, 0 hits, 0 errors, 0 left on base; Nashville 0 - Durham 2
TOP OF THE 4TH
Nashville Sounds batting - Pitching for Durham Bulls : RHP Carlos Palacios
Batting: RHB Dusty Thompson 0-0: Fly out, F9 (Flyball, 9LM, EV 94.4 MPH)
Batting: LHB Angel Sanchez 0-0: Ball
1-0: Foul Ball, location: 2F
1-1: Swinging Strike
1-2: Strikes out swinging
Batting: RHB Trevor Conklin 0-0: Ball
1-0: Ball
2-0: Foul Ball, location: 2F
2-1: Ground out 6-3 (Groundball, 6, EV 88.8 MPH)
Top of the 4th over - 0 runs, 0 hits, 0 errors, 0 left on base; Nashville 0 - Durham 2
BOTTOM OF THE 4TH
Durham Bulls batting - Pitching for Nashville Sounds : LHP Gregg Meyers
Batting: SHB Ben Pierce 0-0: Called Strike
0-1: Fly out, F8 (Flyball, 8LD, EV 92.5 MPH)
Batting: LHB Brian Hollinger 0-0: Ball
1-0: Ball
2-0: Ball
3-0: Base on Balls
Batting: RHB Kevin Kush 0-0: Called Strike
0-1: Ball
1-1: Called Strike
1-2: Foul Ball, location: 2F
1-2: Ball
2-2: Strikes out swinging
Pitching: RHP Mike Bowling
Batting: LHB Danny Hull 0-0: Ball
1-0: 2-RUN HOME RUN (Flyball, 9D, EV 103.8 MPH) (Inside the Park)
Batting: RHB Jose Herrera 0-0: Foul Ball, location: 2F
0-1: Ball
1-1: Ball
2-1: SINGLE (Groundball, 6MS, EV 70.6 MPH) (infield hit)
Batting: LHB Angel Ruvalcaba 0-0: Ground out 4-3 (Groundball, 4, EV 85.6 MPH)
Bottom of the 4th over - 2 runs, 2 hits, 0 errors, 1 left on base; Nashville 0 - Durham 4
TOP OF THE 5TH
Nashville Sounds batting - Pitching for Durham Bulls : RHP Carlos Palacios
Batting: RHB Hyeong-uk Lyang 0-0: Ground out 6-3 (Groundball, 6, EV 109.4 MPH)
Batting: SHB Josh Thorpe 0-0: Ball
1-0: Ground out U3 (Groundball, 3L, EV 82.5 MPH)
Batting: RHB Jerry Escamilla 0-0: Ball
1-0: Reached on error, E4 (Groundball, 4M, EV 78.1 MPH)
Batting: LHB Zachary DeLuca 0-0: Ball
1-0: Called Strike
Jerry Escamilla steals 2nd base
1-1: Fly out, F7 (Flyball, 78D, EV 87.5 MPH)
Top of the 5th over - 0 runs, 0 hits, 1 error, 1 left on base; Nashville 0 - Durham 4
BOTTOM OF THE 5TH
Durham Bulls batting - Pitching for Nashville Sounds : RHP Mike Bowling
Batting: LHB Robin More 0-0: Ball
1-0: Called Strike
1-1: Foul Ball, location: 2F
1-2: SINGLE (Groundball, 5S, EV 66.9 MPH) (infield hit)
Batting: RHB Eugênio Asceno 0-0: Ball
1-0: Ball
2-0: Ball
3-0: Base on Balls
Robin More to second
Batting: RHB Danny Diaz 0-0: Called Strike
0-1: Grounds into double play, 5-4-3 (Groundball, 56, EV 90.0 MPH)
Robin More to third
Batting: SHB Ben Pierce 0-0: Ball
1-0: Called Strike
1-1: Ball
2-1: Foul Ball, location: 2F
2-2: Ball
3-2: Foul Ball, location: 2F
3-2: Foul Ball, location: 2F
3-2: Foul Ball, location: 2F
3-2: Base on Balls
Batting: LHB Brian Hollinger 0-0: Called Strike
0-1: Ball
Pickoff Throw to First - Out! 1-3
Bottom of the 5th over - 0 runs, 1 hit, 0 errors, 1 left on base; Nashville 0 - Durham 4
TOP OF THE 6TH
Nashville Sounds batting - Pitching for Durham Bulls : RHP Carlos Palacios
Batting: RHB Chris Stillions 0-0: Foul Ball, location: 2F
0-1: Ball
1-1: Fly out, F6 (Flyball, 6D, EV 95.6 MPH)
Batting: RHB Adam McGurn 0-0: Ball
1-0: Ball
2-0: Swinging Strike
2-1: Swinging Strike
2-2: Ball
3-2: Base on Balls
Batting: RHB Dusty Thompson 0-0: Called Strike
0-1: Ball
1-1: Called Strike
Adam McGurn steals 2nd base
1-2: Ground out 5-3 (Groundball, 56, EV 105.6 MPH)
Batting: LHB Angel Sanchez 0-0: Swinging Strike
0-1: Ball
1-1: Swinging Strike
1-2: Ball
2-2: Foul Ball, location: 2F
2-2: Foul Ball, location: 2F
2-2: Strikes out swinging
Top of the 6th over - 0 runs, 0 hits, 0 errors, 1 left on base; Nashville 0 - Durham 4
BOTTOM OF THE 6TH
Durham Bulls batting - Pitching for Nashville Sounds : RHP Mike Bowling
Batting: LHB Brian Hollinger 0-0: Foul Ball, location: 2F
0-1: Swinging Strike
0-2: Ball
1-2: Ball
2-2: Foul Ball, location: 2F
2-2: Ball
3-2: SINGLE (Groundball, 34D, EV 100.0 MPH)
Batting: RHB Kevin Kush 0-0: Called Strike
0-1: Reached on error, E8 (Flyball, 8RXD, EV 78.8 MPH)
Brian Hollinger to second
Batting: LHB Danny Hull 0-0: SINGLE (Groundball, 34D, EV 95.6 MPH)
Brian Hollinger to third
Kevin Kush to second
Batting: RHB Jose Herrera 0-0: Swinging Strike
0-1: Foul Ball, location: 2F
0-2: Ground out 5-3 (Groundball, 5S, EV 65.0 MPH)
Brian Hollinger scores
Kevin Kush to third
Danny Hull to second
Batting: LHB Angel Ruvalcaba 0-0: Ball
1-0: Foul Ball, location: 2F
1-1: Swinging Strike
1-2: Ball
2-2: Foul Ball, location: 2F
2-2: Ball
3-2: Strikes out swinging, 2-3 out at first.
Batting: LHB Robin More 0-0: Ball
1-0: Called Strike
1-1: Ball
2-1: Fly out, F8 (Flyball, 8LM, EV 80.0 MPH)
Bottom of the 6th over - 1 run, 2 hits, 1 error, 2 left on base; Nashville 0 - Durham 5
TOP OF THE 7TH
Nashville Sounds batting - Pitching for Durham Bulls : RHP Carlos Palacios
Batting: RHB Trevor Conklin 0-0: Ball
1-0: SINGLE (Groundball, 4MD, EV 102.5 MPH)
Batting: RHB Hyeong-uk Lyang 0-0: Ball
1-0: Foul Ball, location: 2F
1-1: Swinging Strike
1-2: Grounds into double play, 6-4-3 (Groundball, 6MD, EV 91.9 MPH)
Batting: SHB Josh Thorpe 0-0: Swinging Strike
0-1: Ball
1-1: SINGLE (Groundball, 4D, EV 101.3 MPH)
Batting: RHB Jerry Escamilla 0-0: Ball
Josh Thorpe steals 2nd base
1-0: Foul Ball, location: 2F
1-1: SINGLE (Line Drive, 4MD, EV 95.6 MPH)
Josh Thorpe to third
Runner from 3rd tries for Home, SAFE, throw by CF to home
Batting: LHB Zachary DeLuca 0-0: Foul Ball, location: 2F
0-1: Foul Ball, location: 2F
0-2: Ball
1-2: Ball
Jerry Escamilla steals 2nd base (no throw)
2-2: Ball
3-2: Ground out U3 (Groundball, 3S, EV 67.5 MPH)
Top of the 7th over - 1 run, 3 hits, 0 errors, 1 left on base; Nashville 1 - Durham 5
BOTTOM OF THE 7TH
Durham Bulls batting - Pitching for Nashville Sounds : RHP Mike Bowling
Pitching: RHP Matt Constantino
Batting: RHB Eugênio Asceno 0-0: Ball
1-0: Called Strike
1-1: Called Strike
1-2: SOLO HOME RUN (Flyball, 7LD, EV 91.9 MPH), Distance : 325 ft
Batting: RHB Danny Diaz 0-0: SINGLE (Groundball, 6, EV 93.8 MPH)
Batting: SHB Ben Pierce 0-0: Called Strike
0-1: Ball
1-1: Ball
2-1: SINGLE (Groundball, 4MD, EV 103.8 MPH)
Danny Diaz to second
Runner from 2nd tries for 3rd, SAFE, throw by CF made to third
Batting: LHB Brian Hollinger 0-0: Called Strike
0-1: Foul Ball, location: 2F
0-2: Foul Ball, location: 2F
0-2: Ball
1-2: Foul Ball, location: 2F
1-2: Grounds into double play, 5-4-3 (Groundball, 56S, EV 86.9 MPH)
Danny Diaz scores
Batting: RHB Kevin Kush 0-0: Swinging Strike
0-1: Foul Ball, location: 2F
0-2: Strikes out swinging
Bottom of the 7th over - 2 runs, 3 hits, 0 errors, 0 left on base; Nashville 1 - Durham 7
TOP OF THE 8TH
Nashville Sounds batting - Pitching for Durham Bulls : RHP Carlos Palacios
Pitching: RHP Cameron Bianchi
Batting: RHB Chris Stillions 0-0: Foul Ball, location: 2F
0-1: Ball
1-1: Swinging Strike
1-2: Ball
2-2: Fly out, F7 (Line Drive, 7D, EV 89.4 MPH)
Batting: RHB Adam McGurn 0-0: Ball
1-0: Swinging Strike
1-1: Ball
2-1: Swinging Strike
2-2: Strikes out swinging
Batting: RHB Dusty Thompson 0-0: Called Strike
0-1: Ball
1-1: Foul Ball, location: 2F
1-2: Fly out, F8 (Flyball, 8RXD, EV 92.5 MPH)
Top of the 8th over - 0 runs, 0 hits, 0 errors, 0 left on base; Nashville 1 - Durham 7
BOTTOM OF THE 8TH
Durham Bulls batting - Pitching for Nashville Sounds : RHP Matt Constantino
Batting: LHB Danny Hull 0-0: Ball
1-0: TRIPLE (Line Drive, 78XD, EV 110.6 MPH)
Batting: RHB Jose Herrera 0-0: Called Strike
0-1: Ball
1-1: Ball
2-1: Ground out 2-3 (Groundball, 15S, EV 68.8 MPH)
Batting: LHB Angel Ruvalcaba 0-0: Ball
1-0: Fly out, F2 (Popup, 25F, EV 94.4 MPH)
Batting: LHB Robin More 0-0: DOUBLE (Line Drive, 78XD, EV 105.0 MPH)
Danny Hull scores
Batting: RHB Eugênio Asceno 0-0: SINGLE (Groundball, 56D, EV 108.1 MPH)
Robin More to third
Pinch Hitting: RHB Shinji Aizawa 0-0: Hit by Pitch
Eugênio Asceno to second
Batting: SHB Ben Pierce 0-0: SINGLE (Line Drive, 7S, EV 87.5 MPH)
Robin More scores
Eugênio Asceno to third
Shinji Aizawa to second
Runner from 3rd tries for Home, SAFE, throw by LF to home
Pitching: RHP John LaMotte
Batting: LHB Brian Hollinger 0-0: SINGLE (Groundball, 34D, EV 108.1 MPH)
Shinji Aizawa to third
Ben Pierce to second
Batting: RHB Kevin Kush 0-0: Ball
1-0: Called Strike
1-1: Ball
2-1: Ground out U3 (Groundball, 23, EV 85.6 MPH)
Bottom of the 8th over - 3 runs, 5 hits, 0 errors, 3 left on base; Nashville 1 - Durham 10
TOP OF THE 9TH
Nashville Sounds batting - Pitching for Durham Bulls : RHP Cameron Bianchi
Now at 3B: Shinji Aizawa
Pinch Hitting: RHB Carlos Martinez 0-0: Called Strike
0-1: Ground out 4-3 (Groundball, 4, EV 87.5 MPH)
Batting: RHB Trevor Conklin 0-0: Called Strike
0-1: Swinging Strike
0-2: Strikes out looking
Batting: RHB Hyeong-uk Lyang 0-0: Ball
1-0: Ground out 1-3 (Groundball, 13S, EV 64.4 MPH)
Top of the 9th over - 0 runs, 0 hits, 0 errors, 0 left on base; Nashville 1 - Durham 10
Thursday, March 31st , 2022 - OOTP Baseball 22.12 Build 89